Zazza, neutral female gnomish Wizard ------- ---- |..|..-- ----- -----..---- |.....@------.#.-# --.......|.-- -- --h....b.........-- |...........| ---------. -------..---#-#-.....------ ----- |.......--..| -............................o....| --..---......---...| |......------ ----- --------.... -------...|--.--- |...--.......| --...|..| -- |...||..| -----|......-- |....---- --.--|..| --.....-- |.--...| -- ---- |......| |.|---%--- --.`...| |.| |...| |....--- |.| ---.--- ---.[..| |.| |...| ----.---|.| ---.--- |...|-.-- |...| ---.|...-- --..| |......| |..| --<....| ---- ----..| ---- Zazza the Evoker Experience level: 1 Strength: 13 Dexterity: 13 Constitution: 12 Intelligence: 19 Wisdom: 9 Charisma: 11 Health: 0(11) Energy: 8(8) Def: 3 Gold: 3414 Moves: 2722 Dungeon seed: Jt0jEX5Y5arayrG4 Game ID: Zazza_1621148370 Your Inventory: Coins $ - 3414 gold pieces Weapons a - a blessed +0 war hammer S - 8 +0 arrows Armor e - an uncursed +0 cloak of magic resistance (being worn) n - an uncursed +0 pair of leather gloves (being worn) Y - an uncursed +0 pair of low boots (being worn) Comestibles G - an uncursed banana Z - 2 uncursed food rations Scrolls s - an uncursed scroll of teleportation U - an uncursed scroll of identify Potions T - an uncursed potion of enlightenment Rings c - an uncursed ring of regeneration d - an uncursed ring of stealth (on left hand) Tools v - an uncursed tin whistle F - an uncursed tooled horn I - a bag of tricks (0:12) K - an uncursed skeleton key P - a magic marker (0:34) Q - an uncursed magic lamp (lit) V - a +0 pick-axe Gems q - an uncursed luckstone r - an uncursed black opal Spells and supernatural/magical abilities: Name Level Category Fail Memory a - force bolt 1 attack 0% 87% E - detect food 2 divination 56% 87% W - pray for help -- divine ? -- Your skills at the end: Fighting Skills Weapon Skills quarterstaff [Basic] Spellcasting Skills attack spells [Basic] enchantment spells [Basic] Final Attributes: You were nominally aligned. You were magic-protected. You had infravision. You were stealthy. You were lucky. You had extra luck. Bad luck did not time out for you. Good luck did not time out for you. You are dead. Vanquished creatures: a shrieker 2 iguanas a coyote a large kobold 5 cave spiders 4 jackals a fox 3 goblins 5 sewer rats 7 grid bugs 6 lichens a kobold zombie 13 newts 50 creatures vanquished. Voluntary challenges: You never hit with a wielded weapon. You were a pacifist. You read items or engraved 1 time, starting on turn 1406. You never genocided any monsters. You never polymorphed an object. You never changed form. You used no wishes. You never split a pudding. You never wrote Elbereth's name. You never violated your personal moral code. Dungeon overview: The Dungeons of Doom: levels 1 to 3 Level 1 a long staircase Level 2 a general store, an altar to Ptah Level 3 a hardware shop stairs to The Gnomish Mines The Gnomish Mines: levels 4 to 6 Level 4 stairs to The Dungeons of Doom Level 5 Level 6 <- You were here History has recorded: On T:1 you entered the Dungeons of Doom to retrieve the Amulet of Yendor! On T:253 you reached level 2 of The Dungeons of Doom. On T:1293 you reached level 3 of The Dungeons of Doom. On T:1876 you reached level 1 of The Gnomish Mines. On T:2357 you reached level 2 of The Gnomish Mines. On T:2370 you reached level 3 of The Gnomish Mines. Score breakdown: Gold: 3414 (12019 points) Experience: 1 level ( 0 points) Exploration: 6 levels ( 12.50%) ( 9784 points) Discoveries: 12 items ( 4.18%) ( 6134 points) Valuables value: (no points given unless you survive) Artifact value: 0 ( 0 points) Variety of kills: 13 monsters ( 3.41%) ( 5541 points) Turncount: 2722 turns ( -456 points) Survival: died (score multiplied by 80%) Total score: 26417 Latest messages: Armand misses the cave spider. The cave spider misses Armand. Armand misses the cave spider. The cave spider misses Armand. Armand misses the cave spider. The cave spider misses Armand. Armand bites the cave spider. The cave spider is killed! You stop. Armand is in the way! Armand bites the cave spider. The cave spider misses Armand. (2x) Armand misses the cave spider. Armand bites the cave spider. The cave spider is killed! Armand eats a cave spider corpse. You displace Armand. Armand eats a tripe ration. You see here a war hammer. a - a war hammer. You hear some noises in the distance. You see here a chain mail. The acid blob bumps right into you! The hobgoblin zaps a spiked wand! The bolt of lightning hits you! You die... Final status: Goodbye Zazza the Wizard, killed by a bolt of lightning... You died in The Gnomish Mines on dungeon level 6 with 26417 points, and 3414 pieces of gold, after 2722 moves. You were level 1 with a maximum of 11 hit points when you died.